Cogmind - Beta 11.1 @@@ ROGUE MODE // 2022.06.01 @ 04:44:09 Player: woegarden Result: Destroyed by X-67 Chaingunner with Heavy Machine Gun Performance ------------- Evolutions (3) 1500 Regions Visited (8) 1600 Robots Destroyed (15) 75 Value Destroyed (256) 256 Prototype IDs (2) 40 Alien Tech Used (0) 0 Bonus (230) 230 TOTAL SCORE: 3701 Bonus ------- Follower Combat Kills 230 Cogmind --------- Core Integrity 0/700 Matter 123/300 Energy 100/100 System Corruption 9% Temperature Cool (31) Movement Rolling (100) Location -7/Factory Parts ------- > --- POWER (2) -------- (None) > --- PROPULSION (4) --- Compact Wheel > --- UTILITY (5) ------ Improved Propulsion Shielding > --- WEAPON (2) ------- Scythe > --- INVENTORY (5) ---- Aluminum Leg Improved Cooling System Hardlight Generator Arc Projector Peak State ------------ > --- POWER ------------ Improved Ion Engine Light Nuclear Core > --- PROPULSION ------- Hover Unit Airjet Aerolev Unit Aerolev Unit > --- UTILITY ---------- Medium Storage Unit Advanced Weight Redist. System Improved Signal Interpreter Hacking Suite System Shield > --- WEAPON ----------- Arc Projector Gauss Rifle > --- INVENTORY -------- Improved Heat Sink Improved Cooling System Sensor Array ECM Suite Hardlight Generator [Rating: 39] Favorites ----------- Power Improved Ion Engine Engine Improved Ion Engine Power Core Light Nuclear Core Propulsion Hover Unit Leg Aluminum Leg Wheel Compact Wheel Hover Unit Hover Unit Utility Small Storage Unit Device Sensor Array Storage Small Storage Unit Processor Signal Interpreter Hackware Hacking Suite Protection Improved Propulsion Shielding Weapon Missile Launcher Energy Gun EM Shotgun Ballistic Gun Assault Rifle Launcher Missile Launcher Impact Weapon Power Maul Slashing Weapon Scythe Special Melee Weapon Datajack Build | -11 -10 -10 -9 -9 -8 -7 -7 -7 ------- Run | Scr Mat Min Mat Min Mat Fac Was Fac Slots Evolved 6 | . . . 2 . 2 2 . . Power 1 | . . . . . 1 . . . Propulsion 2 | . . . 1 . 1 . . . Utility 3 | . . . 1 . . 2 . . Weapon . | . . . . . . . . . Parts Attached 55 | . 4 1 6 5 17 14 . 8 Power 10 | . . . 1 1 4 4 . . Engine 8 | . . . 1 1 2 4 . . Core 2 | . . . . . 2 . . . Reactor . | . . . . . . . . . Propulsion 15 | . 2 . 1 . 8 3 . 1 Treads . | . . . . . . . . . Leg . | . . . . . . . . . Wheel 1 | . . . . . . . . 1 Hover 14 | . 2 . 1 . 8 3 . . Flight . | . . . . . . . . . Utility 14 | . 1 . 1 2 2 5 . 3 Device 8 | . 1 . . 1 1 3 . 2 Storage 1 | . . . . 1 . . . . Processor 2 | . . . 1 . 1 . . . Hackware 2 | . . . . . . 2 . . Protection 1 | . . . . . . . . 1 Artifact . | . . . . . . . . . Weapon 16 | . 1 1 3 2 3 2 . 4 Energy Gun 5 | . 1 . . . 1 1 . 2 Energy Cannon . | . . . . . . . . . Ballistic Gun 2 | . . . . 1 1 . . . Ballistic Cannon . | . . . . . . . . . Launcher 3 | . . . 1 1 1 . . . Special Weapon . | . . . . . . . . . Impact Weapon 2 | . . . 1 . . 1 . . Slashing Weapon 2 | . . . . . . . . 2 Piercing Weapon . | . . . . . . . . . Special Melee Weapon 2 | . . 1 1 . . . . . Unidentified Prototypes 2 | . . . . . 1 . . 1 Parts Lost 19 | . . . 2 . 6 3 4 4 Power 4 | . . . . . 2 1 1 . Propulsion 6 | . . . . . 3 2 1 . Utility 4 | . . . . . . . 2 2 Weapon 5 | . . . 2 . 1 . . 2 Highest Loss Streak 5 | . . . 1 . 5 2 3 2 To Critical Strikes . | . . . . . . . . . Average Slot Usage (%) 81 | . 93 100 97 97 95 87 32 16 Engine 10 | . 14 14 11 11 15 11 6 . Leg 1 | . 11 . . . . . . . Hover 23 | . 16 28 33 33 36 24 6 . Device 8 | . 7 14 11 11 9 7 2 4 Storage 9 | . 14 14 11 11 9 7 2 . Processor 5 | . . . 11 11 9 7 2 . Hackware 2 | . . . . . . 14 8 . Energy Gun 5 | . 14 14 5 . . 2 . 6 Ballistic Gun 4 | . 14 4 . 4 9 2 . . Launcher 3 | . . . 5 15 5 . . . Impact Weapon 1 | . . . . . . 4 2 . Special Melee Weapon 2 | . . 10 8 . . . . . Naked Turns 45 | . . . . . . . 27 18 Heaviest Build 32 | 11 14 14 20 26 32 30 29 8 Greatest Support 41 | 20 20 12 18 24 41 39 25 16 Greatest Overweight (x) 2 | . 1 1 1 1 1 1 1 2 Average Overweight (x) . | . . . . . . . . . Largest Inventory Capacity 10 | 8 8 8 8 10 10 10 10 5 Average Capacity 8 | 8 8 8 8 9 10 10 6 5 Most Carried 10 | 6 8 8 8 10 10 9 5 5 Average Carried 6 | 6 7 8 7 8 9 4 5 3 Final Capacity 10 | 8 8 8 8 10 10 10 5 5 Final Carried 10 | 6 8 8 8 10 10 5 5 4 Class Distribution -------------------- 78% | Mutant 21% | Hacker-Mutant Dominant Class ---------------- Mutant | -10/Materials Mutant | -10/Mines Mutant | -9/Materials Mutant | -9/Mines Mutant | -8/Materials Hacker-Mutant | -7/Factory Mutant | -7/Waste Mutant | -7/Factory Resources | -11 -10 -10 -9 -9 -8 -7 -7 -7 ----------- Run | Scr Mat Min Mat Min Mat Fac Was Fac Matter Collected 678 | 200 56 30 62 89 122 . . 119 Remotely 53 | . . . . . . . . 53 Salvage Created 506 | 80 116 30 62 34 57 8 . 119 Parts 43 | 3 9 3 14 4 5 . . 5 Haulers Intercepted . | . . . . . . . . . Recyclers Shooed 1 | . 1 . . . . . . . Parts Field Recycled . | . . . . . . . . . Retrieved Matter . | . . . . . . . . . Parts Self-Destructed . | . . . . . . . . . Prevented . | . . . . . . . . . Kills | -11 -10 -10 -9 -9 -8 -7 -7 -7 ------- Run | Scr Mat Min Mat Min Mat Fac Was Fac Combat Hostiles Destroyed 5 | . . 2 1 . 1 . . 1 Melee 1 | . . . . . . . . 1 Guns 3 | . . 2 . . 1 . . . AOE 1 | . . . 1 . . . . . Classes Destroyed 8 | 2 1 1 3 . . . . 1 Builder 3 | . . . 1 1 . 1 . . Tunneler 2 | 1 . . . 1 . . . . Recycler 3 | 1 1 . . . . . . 1 Operator 1 | . . . 1 . . . . . Watcher 1 | . 1 . . . . . . . Swarmer 2 | . . 2 . . . . . . Grunt 1 | . . . . . . . . 1 Sentry 2 | . . . 1 . 1 . . . Best Kill Streak 2 | 2 2 2 1 2 1 1 . 2 Combat Bots Only 2 | . . 2 1 . 1 . . 1 Max Kills in Single Turn 2 | 1 1 1 1 2 1 1 . 1 Gunslinging . | . . . . . . . . . Exploded 1 | . . . 1 . . . . . Melee 1 | . . . . . . . . 1 Uniques/NPCs Destroyed . | . . . . . . . . . Combat | -11 -10 -10 -9 -9 -8 -7 -7 -7 -------- Run | Scr Mat Min Mat Min Mat Fac Was Fac Damage Taken 2072 | . . 11 186 51 654 144 256 770 Core 910 | . . 11 36 17 144 . 209 493 Absorbed by Shields . | . . . . . . . . . Redirected to Shielding 11 | . . . . . . . . 11 Core Remaining (%) 88 | 100 . 95 . 86 73 . . . Volleys Fired 43 | 5 7 3 10 1 8 3 . 6 Largest 2 | 2 2 1 1 2 2 1 . 1 Hottest 83 | 60 60 45 45 59 83 55 . 55 Shots Fired 61 | 10 14 3 10 2 12 3 . 7 Gun 52 | 10 14 3 7 1 7 3 . 7 Cannon . | . . . . . . . . . Launcher 9 | . . . 3 1 5 . . . Special . | . . . . . . . . . Kinetic 19 | 5 7 . . 1 6 . . . Thermal 12 | 5 7 . . . . . . . Explosive 9 | . . . 3 1 5 . . . Electromagnetic 21 | . . 3 7 . 1 3 . 7 Robot Hit Streak 14 | 4 7 7 14 1 3 1 . 6 Robot Miss Streak 4 | 2 2 . 4 1 2 1 . 1 Penetration Max . | . . . . . . . . . Secondary Targets . | . . . . . . . . . Shots Hit Robots 51 | 6 9 4 10 1 4 3 . 14 Core Hits 34 | 3 4 2 7 2 10 2 . 4 Critical Kills . | . . . . . . . . . Critical Parts Destroyed . | . . . . . . . . . Critical Strikes 2 | . . . . . . . . 2 Sever 2 | . . . . . . . . 2 Melee Attacks 21 | . . 1 1 . . 8 . 11 Impact 8 | . . . . . . 8 . . Slashing 11 | . . . . . . . . 11 Piercing . | . . . . . . . . . Sneak Attacks 4 | . . 1 1 . . 1 . 1 Combat Hostiles . | . . . . . . . . . Follow-up Attacks 3 | . . . . . . . . 3 Damage Inflicted 1300 | 70 108 38 127 98 367 116 . 376 Guns 447 | 70 108 38 75 . 43 22 . 91 Cannons . | . . . . . . . . . Explosions 447 | . . . 52 98 297 . . . Melee 376 | . . . . . . 94 . 282 Ramming 30 | . . . . . 27 . . 3 Kinetic 98 | 26 44 . . . 28 . . . Thermal 108 | 44 64 . . . . . . . Explosive 447 | . . . 52 98 297 . . . Electromagnetic 241 | . . 38 75 . 15 22 . 91 Impact 94 | . . . . . . 94 . . Slashing 282 | . . . . . . . . 282 Piercing . | . . . . . . . . . Highest Corruption 9 | . . . . . . 1 9 9 Average Corruption 8 | . . . . . . 1 7 9 Corruption Purged . | . . . . . . . . . Corruption Blocked . | . . . . . . . . . Effects 11 | . . . . . . . 3 8 Message Errors 1 | . . . . . . . 1 . Matter Fused 1 | . . . . . . . . 1 Heat Flow Errors 2 | . . . . . . . 1 1 Energy Discharges 2 | . . . . . . . 1 1 Data Loss (minor) 4 | . . . . . . . . 4 Misfires 1 | . . . . . . . . 1 Overload Shots . | . . . . . . . . . Overflow Damage 64 | . . . . . . 64 . . Projectiles . | . . . . . . . . . Explosions . | . . . . . . . . . Melee 64 | . . . . . . 64 . . Knockbacks 1 | . . . . . . 1 . . Impact 1 | . . . . . . 1 . . Kinetic . | . . . . . . . . . Secondary . | . . . . . . . . . Self-Inflicted Damage 123 | . . . . 52 70 . . 1 Shots 3 | . . . . 1 2 . . . Rammed 4 | . . . . . 2 . . 2 Targets Rammed 4 | . . . . . 2 . . 2 Kicked . | . . . . . . . . . Crushed . | . . . . . . . . . Highest Temperature 175 | . . 16 24 . 85 39 175 120 Average Temperature 25 | . . 8 9 . 20 21 90 78 Received Heat Transfer 447 | . . 6 90 . 207 36 . 108 Siege Activations . | . . . . . . . . . Robots Corrupted . | . . . . . . . . . Combat Hostiles . | . . . . . . . . . Parts Fried 2 | . . . . . . 2 . . Impact Corruptions 3 | . . . . . . 3 . . Robots Melted . | . . . . . . . . . Combat Hostiles . | . . . . . . . . . Parts Melted 2 | 2 . . . . . . . . Heat Transferred 250 | 100 150 . . . . . . . Parts Sabotaged . | . . . . . . . . . Parts Stolen . | . . . . . . . . . Parts Stripped . | . . . . . . . . . Power Chain Reactions . | . . . . . . . . . Missiles Intercepted . | . . . . . . . . . Alert | -11 -10 -10 -9 -9 -8 -7 -7 -7 ------- Run | Scr Mat Min Mat Min Mat Fac Was Fac Peak Influence 404 | 10 48 182 162 157 404 342 119 105 Initial 165 | . 6 18 70 51 61 165 119 55 Average 125 | 5 29 107 113 103 236 231 97 68 Maximum Alert Level 2 | . . . . . 2 1 . . Low Security (%) 86 | 100 100 100 100 100 45 55 100 100 Level 1 13 | . . . . . 52 44 . . Level 2 . | . . . . . 1 . . . Level 3 . | . . . . . . . . . Level 4 . | . . . . . . . . . Level 5 . | . . . . . . . . . High Security . | . . . . . . . . . Max Security . | . . . . . . . . . Squads Dispatched 10 | . 1 . 1 . 3 2 . 3 Investigation 2 | . 1 . . . 1 . . . Extermination 1 | . . . . . . 1 . . Reinforcement 7 | . . . 1 . 2 1 . 3 Assault . | . . . . . . . . . Garrison . | . . . . . . . . . Intercept . | . . . . . . . . . Searches Triggered . | . . . . . . . . . Construction Impeded 3 | . . . . . 1 1 . 1 Haulers Reinforced . | . . . . . . . . . Active Scanning Responses . | . . . . . . . . . Cargo Convoy Interrupts . | . . . . . . . . . Stealth | -11 -10 -10 -9 -9 -8 -7 -7 -7 --------- Run | Scr Mat Min Mat Min Mat Fac Was Fac Distress Signals 2 | . . . . 1 1 . . . Communications Jammed . | . . . . . . . . . Distress Signals . | . . . . . . . . . Times Spotted 51 | . 4 5 5 . 15 10 6 6 Peak Tracking Total 9 | . 2 3 3 . 7 9 6 4 Tactical Retreats 9 | . 1 1 1 . 1 4 . 1 Traps | -11 -10 -10 -9 -9 -8 -7 -7 -7 ------- Run | Scr Mat Min Mat Min Mat Fac Was Fac Traps Triggered 6 | . 1 . . . 2 3 . . Indirectly . | . . . . . . . . . Trap Hack Attempts . | . . . . . . . . . Triggered . | . . . . . . . . . Disarmed . | . . . . . . . . . Reprogrammed . | . . . . . . . . . Reused . | . . . . . . . . . Traps Extracted . | . . . . . . . . . Installed . | . . . . . . . . . Triggered . | . . . . . . . . . Machines | -11 -10 -10 -9 -9 -8 -7 -7 -7 ---------- Run | Scr Mat Min Mat Min Mat Fac Was Fac Machines Disabled 2 | . . . 1 . 1 . . . Max in Single Turn 1 | . . . 1 . 1 . . . Machines Sabotaged . | . . . . . . . . . Garrisons Compromised . | . . . . . . . . . Overloaded Fab Kills . | . . . . . . . . . Hacking | -11 -10 -10 -9 -9 -8 -7 -7 -7 --------- Run | Scr Mat Min Mat Min Mat Fac Was Fac Machines Accessed 4 | . 1 . 1 . . 2 . . Terminals 3 | . 1 . . . . 2 . . Fabricators . | . . . . . . . . . Repair Stations . | . . . . . . . . . Recycling Units 1 | . . . 1 . . . . . Scanalyzers . | . . . . . . . . . Garrison Access . | . . . . . . . . . Total Hacks 5 | . 1 . 1 . . 3 . . Successful 3 | . 1 . 1 . . 1 . . Failed 2 | . . . . . . 2 . . Catastrophic . | . . . . . . . . . Database Lockouts . | . . . . . . . . . Manual 1 | . 1 . . . . . . . Terminals 4 | . 1 . . . . 3 . . Fabricators . | . . . . . . . . . Repair Stations . | . . . . . . . . . Recycling Units 1 | . . . 1 . . . . . Scanalyzers . | . . . . . . . . . Garrison Access . | . . . . . . . . . Terminal Hacks 2 | . 1 . . . . 1 . . Open DSF 1 | . . . . . . 1 . . Recall Investigation 1 | . 1 . . . . . . . Fabricator Hacks . | . . . . . . . . . Repair Station Hacks . | . . . . . . . . . Recycling Unit Hacks 1 | . . . 1 . . . . . Report Inventory 1 | . . . 1 . . . . . Scanalyzer . | . . . . . . . . . Garrison Access Hacks . | . . . . . . . . . Unauthorized Hacks . | . . . . . . . . . Terminals . | . . . . . . . . . Fabricators . | . . . . . . . . . Repair Stations . | . . . . . . . . . Recycling Units . | . . . . . . . . . Scanalyzers . | . . . . . . . . . Garrison Access . | . . . . . . . . . Data Cores Recovered . | . . . . . . . . . Used . | . . . . . . . . . Hacking Detections 1 | . . . 1 . . . . . Full Trace Events . | . . . . . . . . . Feedback Events . | . . . . . . . . . Feedback Blocked . | . . . . . . . . . Robot Schematics Acquired . | . . . . . . . . . Robots Built . | . . . . . . . . . Authchips . | . . . . . . . . . Time . | . . . . . . . . . Total Robot Build Rating . | . . . . . . . . . Part Schematics Acquired . | . . . . . . . . . Parts Built . | . . . . . . . . . Authchips . | . . . . . . . . . Time . | . . . . . . . . . Total Part Build Rating . | . . . . . . . . . Parts Repaired . | . . . . . . . . . Time . | . . . . . . . . . Parts Recycled . | . . . . . . . . . Recycled Matter . | . . . . . . . . . Retrieved Matter . | . . . . . . . . . Retrieved Components . | . . . . . . . . . Parts Scanalyzed . | . . . . . . . . . Part Schematics Acquired . | . . . . . . . . . Parts Damaged . | . . . . . . . . . Bothacking | -11 -10 -10 -9 -9 -8 -7 -7 -7 ------------ Run | Scr Mat Min Mat Min Mat Fac Was Fac Used RIF Installer . | . . . . . . . . . Robots Hacked 2 | . . 1 1 . . . . . Non-combat 2 | . . 1 1 . . . . . Combat . | . . . . . . . . . Robot Hacks Applied 2 | . . 1 1 . . . . . no_distress 2 | . . 1 1 . . . . . Relay Couplers Released . | . . . . . . . . . Fabnet Peak Effective % . | . . . . . . . . . Robots Rewired . | . . . . . . . . . Allies Hacked . | . . . . . . . . . Hacks Repelled . | . . . . . . . . . Allies | -11 -10 -10 -9 -9 -8 -7 -7 -7 -------- Run | Scr Mat Min Mat Min Mat Fac Was Fac Total Allies 6 | . . 2 . 4 . . . . Largest Group 4 | . . 2 2 4 4 . . . Highest-Rated Group 71 | . . 44 44 71 71 . . . Highest-Rated Ally 31 | . . 31 31 31 31 . . . Total Orders . | . . . . . . . . . Ally Attacks 69 | . . 10 1 7 51 . . . Total Damage 766 | . . 169 22 61 514 . . . Kills 13 | . . 3 . 2 8 . . . Allies Corrupted . | . . . . . . . . . Allies Melted . | . . . . . . . . . Intel | -11 -10 -10 -9 -9 -8 -7 -7 -7 ------- Run | Scr Mat Min Mat Min Mat Fac Was Fac Robot Analysis Total . | . . . . . . . . . Derelict Logs Recovered 2 | . . 1 . 1 . . . . Drone Launches . | . . . . . . . . . Drone Recoveries . | . . . . . . . . . Exploration | -11 -10 -10 -9 -9 -8 -7 -7 -7 ------------- Run | Scr Mat Min Mat Min Mat Fac Was Fac Turns Passed 1951 | 25 269 209 222 336 225 329 97 239 Spaces Moved 2158 | 9 217 172 253 281 319 549 156 202 Core 324 | . . . . . . . 124 200 Treads . | . . . . . . . . . Legs 71 | 9 62 . . . . . . . Wheels 2 | . . . . . . . . 2 Hover 1761 | . 155 172 253 281 319 549 32 . Flight . | . . . . . . . . . Fastest Speed 43 | 120 56 56 52 52 43 43 50 50 Average Speed 69 | 120 78 115 73 81 44 49 62 94 Slowest Speed 150 | 120 120 116 112 112 111 106 106 150 Overloaded Moves . | . . . . . . . . . Propulsion Burnouts . | . . . . . . . . . Robots Hopped . | . . . . . . . . . Cave-ins Triggered . | . . . . . . . . . Exploration Rate (%) 34 | 3 31 48 21 51 36 17 96 8 Regions Visited 8 Branch Regions 2 Pre-discovered Areas . | . . . . . . . . . Known Exits Taken 4 | . . 1 1 1 1 . . . Unknown Exits Taken 2 | 1 1 . . . . . . . Scrap Searched 3 | . . 1 . 2 . . . . Spaces Dug 7 | . . . . . . 7 . . Terrain Destroyed 73 | . . . 7 15 44 7 . . Melee 7 | . . . . . . 7 . . Projectile . | . . . . . . . . . AOE 66 | . . . 7 15 44 . . . Terrain Rammed . | . . . . . . . . . Walls Destroyed . | . . . . . . . . . Machines Disabled . | . . . . . . . . . Actions | -11 -10 -10 -9 -9 -8 -7 -7 -7 --------- Run | Scr Mat Min Mat Min Mat Fac Was Fac Total 2519 | 13 303 179 280 384 391 585 155 229 Wait 184 | . 59 2 . 93 27 3 . . Move 2151 | 8 216 171 252 280 318 549 155 202 Hop . | . . . . . . . . . Pick Up 25 | . 9 . 5 2 6 2 . 1 Fast Attach 26 | . 2 1 3 2 5 6 . 7 Attach 16 | . . . 2 1 4 8 . 1 Detach 6 | . . . . 1 2 3 . . Swap 13 | . 2 . 1 2 8 . . . Drop 33 | . 8 1 6 2 11 3 . 2 Fire 43 | 5 7 3 10 1 8 3 . 6 Melee 18 | . . 1 1 . . 8 . 8 Ram 4 | . . . . . 2 . . 2 Kick . | . . . . . . . . . Crush . | . . . . . . . . . Escape Stasis . | . . . . . . . . . Rewire . | . . . . . . . . . Trap . | . . . . . . . . . Miscellaneous . | . . . . . . . . . Route ------- -11/Scrapyard -10/Materials -10/Mines -9/Materials -9/Mines -8/Materials -7/Factory -7/Waste -7/Factory History --------- Turn | Location | Event 10 | -11/Scrapyard | Discovered new exit (range 3) 26 | -11/Scrapyard | Entered Materials 259 | -10/Materials | Discovered new exit (range 9) 295 | -10/Materials | Entered Mines 309 | -10/Mines | Identified exit to Materials 317 | -10/Mines | Build established: Mutant 504 | -10/Mines | Entered Materials 504 | -9/Materials | Accompanied by 2 allies 504 | -9/Materials | Evolved 2 slots: Propulsion x1, Utility x1 510 | -9/Materials | Led the pair of lost Derelicts to an unsafe place 710 | -9/Materials | Discovered new exit (range 15) 725 | -9/Materials | Identified exit to Mines 726 | -9/Materials | Entered Mines 741 | -9/Mines | Learned location of 1 exit from Materials 801 | -9/Mines | Assisted by bots powering up and referring to "LRC-V3" 839 | -9/Mines | Received a Mining Laser from a helpful Derelict 965 | -9/Mines | Discovered new exit (range 8) 1062 | -9/Mines | Identified exit to Materials 1062 | -9/Mines | Entered Materials 1062 | -8/Materials | Accompanied by 4 allies 1062 | -8/Materials | Evolved 2 slots: Power x1, Propulsion x1 1063 | -8/Materials | Identified exit to Factory 1287 | -8/Materials | Entered Factory 1287 | -7/Factory | Evolved 2 slots: Utility x2 1317 | -7/Factory | Lost 5 parts (1p3n1w) 1538 | -7/Factory | Build established: Hacker-Mutant 1616 | -7/Factory | Sucked down chute 1616 | -7/Factory | Entered Waste 1628 | -7/Waste | Spotted C-40 Crusher 1631 | -7/Waste | EMP discharged 1646 | -7/Waste | Spotted C-40 Crusher 1650 | -7/Waste | Crushed by Compactor (1 part destroyed, 2 dropped) 1653 | -7/Waste | Crushed by Compactor (1 part destroyed, 2 dropped) 1655 | -7/Waste | Crushed by Compactor (1 part destroyed, 2 dropped) 1664 | -7/Waste | Spotted C-40 Crusher 1669 | -7/Waste | Spotted C-40 Crusher 1684 | -7/Waste | Spotted C-40 Crusher 1686 | -7/Waste | Lost 3 parts (1p1n1u) 1686 | -7/Waste | Crushed by Compactor (1 part destroyed) 1706 | -7/Waste | Spotted C-40 Crusher 1707 | -7/Waste | Discovered new exit (range 13) 1713 | -7/Waste | Entered Factory 1914 | -7/Factory | Core integrity fell below 50% 1943 | -7/Factory | Core integrity fell below 20% 1952 | -7/Factory | Destroyed by X-67 Chaingunner with Heavy Machine Gun Last Messages --------------- 01922_ Acquired 66 matter. 01924_ Acquired Unknown Device. 01924_ Identified Tractor Beam. 01927_ R-06 Scavenger collects Sml. Storage Unit. 01929_ Acquired Com. Wheel. 01930_ G-47 Trooper Imp. Heat Sink severed. 01933_ G-47 Trooper destroyed. 01934_ Acquired 53 matter. 01934_ Tractor Beam destroyed. 01935_ Acquired Aluminum Leg. 01937_ Scythe follow-up attack on X-67 Chaingunner. 01938_ R-06 Scavenger collects Particle Gun. 01941_ X-67 Chaingunner Minigun severed. 01941_ Scythe follow-up attack on X-67 Chaingunner. 01942_ R-06 Scavenger collects Minigun. 01944_ Scythe follow-up attack on X-67 Chaingunner. 01948_ System corrupted: Heat flow error (+152). 01948_ R-06 Scavenger collects Prc. Shock Rifle. 01949_ Scythe destroyed. 01952_ Slammed into X-67 Chaingunner. Map ----- +----------------------------------------------------+ | ?????????????????????????????????# / #? | | ?????????????????????????????????# ##+##/########? | | ?????????????????????????????????# # #?????? | | ??????????????????# ?????????????# # """ #?????? | | ??????????????????# #######+###### # """ #?????? | | ??????????????????# # """ #?????? | | ??????????????????# # #?????? | | ??????????????????# # """ #?????? | | ??????????????????# """ # """ #?????? | | ??????????????????# """ / """ #?????? | | ??????????????????# """ # #?????? | | ??????????????????# ##+#######????? | | ??????????????????# """ +????? | | ??????????????????# """ ##??????? | | ??????????????????# """ #???????? | | ??????????????????# ^#???????? | | ???????????????????###### """ #???????? | | ????????????????????????# """ #???????? | | ????????????????????????# ! """ ????? | | ????????????????????????# ?? | | ????????????????????????# r""" ??? | | ????????????????????????# """ ??? | | ????????????????????????# """ ??? | | ????????????#######+##### ???? | | ????????????# ! x ???? | | ????????????# ####@##### ????? | | ????????????# #? x ??# ????? | | ????????????# / """ [# ??????? | | ????????????# #### """"" #######+###????????? | | ????????????# ???# """"" #??????????????????? | | ????????????# ????# #??????????????????? | | ????????????# ?????# """ #??????????????????? | | ??????????? ??????# """"" #??????????????????? | | ??????????####???????# ""?????#??????????????????? | | ?????????????????????# ??????????????????????????? | | ?????????????????????????????????????????????????? | | ?????????????????????????????????????????????????? | | ?????????????????????????????????????????????????? | | ?????????????????????????????????????????????????? | | ?????????????????????????????????????????????????? | | ?????????????????????????????????????????????????? | | ?????????????????????????????????????????????????? | | ?????????????????????????????????????????????????? | | ?????????????????????????????????????????????????? | | ?????????????????????????????????????????????????? | | ?????????????????????????????????????????????????? | | ?????????????????????????????????????????????????? | | ?????????????????????????????????????????????????? | | ?????????????????????????????????????????????????? | | ?????????????????????????????????????????????????? | +----------------------------------------------------+ Best States ------------- Heat Dissipation 34 Energy Generation 23 Energy Capacity 440 Matter Stores 300 Matter Capacity 300 Sight Range 16 Robot Scan Range 14 Terrain Scan Density 10 Additional Mass Support 9 Propulsion Shielding 66 Evasion (%) 56 Offensive Hacking 10 Defensive Hacking 10 Item Schematics ----------------- None Robot Schematics ------------------ None Fabricated ------------ Nothing Alien Tech Used ----------------- None Achievements -------------- None Challenges ------------ None Game ------ Seed ClaymoresShrapnelCleaver Manual? 0 Play Time 00:29:25 Cumulative 82.5 hours Start 2022.06.01 @ 04:16:38 End 2022.06.01 @ 04:44:09 Sessions 1 Manual Loads 0 Difficulty Rogue Special Mode None Game No. 126 Rogue 80 Adventurer 45 Explorer 1 Win Type - Total 0 Types 0/0/0/0/0/0/0/0/0 Lore% 27 Gallery% 47 Achievement% 33 Wizard Run 0 Options --------- ASCII 0 Keyboard 0 Movement Mouse Keybinds 0 Fullscreen 2 Font 18/X11Bold Map View 76x50 Tactical HUD 1 Map Filters NONE Filters LOW_CONTRAST(13,24,33)|BRIGHTNESS(90)|SATURATION(87) Steam 1 RUN: c249140d-7589-45f7-ac74-5f8e4d98da5f